| TOP OF THE 1ST |
|
Huron Cubs batting - Pitching for Watertown Bucks : RHP Jack Littrell
|
|
Pitching: RHP Jack Littrell
|
|
|
Batting: SHB Keith Smith
|
0-0: Swinging Strike 0-1: Ball 1-1: Called Strike 1-2: Ball 2-2: Foul Ball, location: 2F 2-2: Strikes out swinging
|
|
Batting: RHB Greg Zunino
|
0-0: Foul Ball, location: 2F 0-1: Foul Ball, location: 2F 0-2: Strikes out swinging
|
|
Batting: RHB Mark Carreon
|
0-0: Ground out 6-3 (Groundball, 6S, EV 89.4 MPH)
|
| Top of the 1st over - 0 runs, 0 hits, 0 errors, 0 left on base; Huron 0 - Watertown 0 |
| BOTTOM OF THE 1ST |
|
Watertown Bucks batting - Pitching for Huron Cubs : LHP Oliver Bell
|
|
Pitching: LHP Oliver Bell
|
|
|
Batting: RHB Thomas Dimino
|
0-0: Fly out, F8 (Line Drive, 8RD, EV 89.4 MPH)
|
|
Batting: RHB Robert Tanzi
|
0-0: Called Strike 0-1: Ball 1-1: Ball 2-1: Foul Ball, location: 2F 2-2: Ball 3-2: Ground out 2-3 (Groundball, 2L, EV 63.8 MPH)
|
|
Batting: RHB Randy Hunt
|
0-0: Ball 1-0: Fly out, F8 (Flyball, 89M, EV 87.5 MPH)
|
| Bottom of the 1st over - 0 runs, 0 hits, 0 errors, 0 left on base; Huron 0 - Watertown 0 |
| TOP OF THE 2ND |
|
Huron Cubs batting - Pitching for Watertown Bucks : RHP Jack Littrell
|
|
Batting: RHB John Alvarez
|
0-0: Ball 1-0: Ball 2-0: Ball 3-0: Called Strike 3-1: Foul Ball, location: 2F 3-2: Foul Ball, location: 2F 3-2: Base on Balls
|
|
Batting: LHB Willis Gonzalez
|
0-0: Ball 1-0: SINGLE (Groundball, 6MS, EV 68.8 MPH) (infield hit) John Alvarez to second
|
|
Batting: RHB Mike Stellern
|
0-0: Ball 1-0: Called Strike 1-1: Called Strike 1-2: Foul Ball, location: 2F 1-2: Foul Ball, location: 2F 1-2: Foul Ball, location: 2F 1-2: Ball 2-2: Ball 3-2: Base on Balls John Alvarez to third Willis Gonzalez to second
|
|
Batting: RHB Duffy Ryan
|
0-0: SINGLE (Groundball, 6MD, EV 95.0 MPH) John Alvarez scores Willis Gonzalez to third Mike Stellern to second Runner from 3rd tries for Home, SAFE, throw by CF to home
|
|
Batting: RHB Ray Ortega
|
0-0: Called Strike 0-1: Ball 1-1: Ball 2-1: Swinging Strike 2-2: Foul Ball, location: 2F 2-2: Hit by Pitch Mike Stellern to third Duffy Ryan to second
|
|
Batting: SHB Chris Pittaro
|
0-0: Ball 1-0: Foul Ball, location: 2F 1-1: Ball 2-1: Grounds into double play, 4-6-3 (Groundball, 4, EV 78.8 MPH) Mike Stellern scores Duffy Ryan to third
|
|
Batting: SHB Keith Smith
|
0-0: Called Strike 0-1: Called Strike 0-2: Foul Ball, location: 2F 0-2: Ground out 4-3 (Groundball, 4M, EV 103.8 MPH)
|
| Top of the 2nd over - 3 runs, 2 hits, 0 errors, 1 left on base; Huron 3 - Watertown 0 |
| BOTTOM OF THE 2ND |
|
Watertown Bucks batting - Pitching for Huron Cubs : LHP Oliver Bell
|
|
Batting: RHB Richard Plautz
|
0-0: Called Strike 0-1: Ground out 4-3 (Groundball, 4, EV 81.3 MPH)
|
|
Batting: LHB Greg Guin
|
0-0: DOUBLE (Line Drive, 9LM, EV 107.5 MPH)
|
|
Batting: RHB Eugene Cattane
|
0-0: Swinging Strike 0-1: Called Strike 0-2: Ball 1-2: Foul Ball, location: 2F 1-2: SINGLE (Groundball, 6MD, EV 112.5 MPH) Greg Guin to third Runner from 3rd tries for Home, SAFE, throw by CF to home Eugene Cattane to second
|
|
Batting: LHB Bryan Neal
|
0-0: Ball Eugene Cattane steals 3rd base 1-0: Ball 2-0: Ball 3-0: Called Strike 3-1: Base on Balls
|
|
Batting: SHB Luis Rivera
|
0-0: Ball 1-0: Called Strike 1-1: Foul Ball, location: 2F 1-2: Ball 2-2: Ball 3-2: Fielders Choice at 2nd, 6-4 (Groundball, 6, EV 81.3 MPH) Eugene Cattane scores
|
|
Batting: LHB Carl Spikes
|
0-0: Ball 1-0: Ball 2-0: Ball 3-0: Called Strike 3-1: Called Strike 3-2: Ground out 4-3 (Groundball, 34D, EV 106.3 MPH)
|
| Bottom of the 2nd over - 2 runs, 2 hits, 0 errors, 1 left on base; Huron 3 - Watertown 2 |
| TOP OF THE 3RD |
|
Huron Cubs batting - Pitching for Watertown Bucks : RHP Jack Littrell
|
|
Batting: RHB Greg Zunino
|
0-0: Ball 1-0: Ball 2-0: Called Strike 2-1: Swinging Strike 2-2: Ball 3-2: Strikes out looking
|
|
Batting: RHB Mark Carreon
|
0-0: Ground out 6-3 (Groundball, 6MD, EV 104.4 MPH)
|
|
Batting: RHB John Alvarez
|
0-0: Ground out U3 (Groundball, 34, EV 81.3 MPH)
|
| Top of the 3rd over - 0 runs, 0 hits, 0 errors, 0 left on base; Huron 3 - Watertown 2 |
| BOTTOM OF THE 3RD |
|
Watertown Bucks batting - Pitching for Huron Cubs : LHP Oliver Bell
|
|
Batting: RHB Thomas Dimino
|
0-0: Ball 1-0: Called Strike 1-1: Called Strike 1-2: Ball 2-2: Fly out, F8 (Flyball, 8LD, EV 90.0 MPH)
|
|
Batting: RHB Robert Tanzi
|
0-0: Ball 1-0: Ball 2-0: Ball 3-0: Called Strike 3-1: Base on Balls
|
|
Batting: RHB Randy Hunt
|
0-0: Foul Ball, location: 2F 0-1: Called Strike 0-2: Ball 1-2: Ball 2-2: Grounds into double play, 6-4-3 (Groundball, 6, EV 83.1 MPH)
|
| Bottom of the 3rd over - 0 runs, 0 hits, 0 errors, 0 left on base; Huron 3 - Watertown 2 |
| TOP OF THE 4TH |
|
Huron Cubs batting - Pitching for Watertown Bucks : RHP Jack Littrell
|
|
Batting: LHB Willis Gonzalez
|
0-0: Foul Ball, location: 2F 0-1: Foul Ball, location: 2F 0-2: Ball 1-2: Ball 2-2: DOUBLE (Line Drive, 9LM, EV 103.1 MPH)
|
|
Batting: RHB Mike Stellern
|
0-0: Foul Ball, location: 2F 0-1: Swinging Strike 0-2: Strikes out swinging
|
|
Batting: RHB Duffy Ryan
|
0-0: Fly out, F9 (Flyball, 89S, EV 90.0 MPH)
|
|
Batting: RHB Ray Ortega
|
0-0: Ball 1-0: Ball 2-0: Ball 3-0: Base on Balls
|
|
Batting: SHB Chris Pittaro
|
0-0: Ball 1-0: Called Strike 1-1: Swinging Strike 1-2: Ball 2-2: Strikes out swinging
|
| Top of the 4th over - 0 runs, 1 hit, 0 errors, 2 left on base; Huron 3 - Watertown 2 |
| BOTTOM OF THE 4TH |
|
Watertown Bucks batting - Pitching for Huron Cubs : LHP Oliver Bell
|
|
Batting: RHB Richard Plautz
|
0-0: Ball 1-0: Swinging Strike 1-1: Swinging Strike 1-2: Ball 2-2: Ball 3-2: Ground out 4-3 (Groundball, 34, EV 86.3 MPH)
|
|
Batting: LHB Greg Guin
|
0-0: Foul Ball, location: 2F 0-1: Called Strike 0-2: Ball 1-2: Strikes out swinging
|
|
Batting: RHB Eugene Cattane
|
0-0: Ball 1-0: Called Strike 1-1: Called Strike 1-2: Strikes out swinging
|
| Bottom of the 4th over - 0 runs, 0 hits, 0 errors, 0 left on base; Huron 3 - Watertown 2 |
| TOP OF THE 5TH |
|
Huron Cubs batting - Pitching for Watertown Bucks : RHP Jack Littrell
|
|
Batting: SHB Keith Smith
|
0-0: Ball 1-0: Ball 2-0: SINGLE (Groundball, 4MD, EV 98.8 MPH)
|
|
Batting: RHB Greg Zunino
|
0-0: Ball 1-0: Bunted foul 1-1: Bunted foul 1-2: Grounds into double play, 4-6-3 (Groundball, 4M, EV 103.8 MPH)
|
|
Batting: RHB Mark Carreon
|
0-0: Ball 1-0: Foul Ball, location: 2F 1-1: Ground out 6-3 (Groundball, 6, EV 81.9 MPH)
|
| Top of the 5th over - 0 runs, 1 hit, 0 errors, 0 left on base; Huron 3 - Watertown 2 |
| BOTTOM OF THE 5TH |
|
Watertown Bucks batting - Pitching for Huron Cubs : LHP Oliver Bell
|
|
Batting: LHB Bryan Neal
|
0-0: Called Strike 0-1: Fly out, F6 (Flyball, 6D, EV 85.6 MPH)
|
|
Batting: SHB Luis Rivera
|
0-0: Ball 1-0: Ball 2-0: Ground out U3 (Groundball, 34S, EV 91.9 MPH)
|
|
Batting: LHB Carl Spikes
|
0-0: Ball 1-0: Foul Ball, location: 2F 1-1: Foul Ball, location: 2F 1-2: Ball 2-2: Foul Ball, location: 2F 2-2: Ground out U3 (Groundball, 3S, EV 75.6 MPH)
|
| Bottom of the 5th over - 0 runs, 0 hits, 0 errors, 0 left on base; Huron 3 - Watertown 2 |
| TOP OF THE 6TH |
|
Huron Cubs batting - Pitching for Watertown Bucks : RHP Jack Littrell
|
|
Batting: RHB John Alvarez
|
0-0: Called Strike 0-1: Ball 1-1: Ground out 6-3 (Groundball, 6, EV 85.6 MPH)
|
|
Batting: LHB Willis Gonzalez
|
0-0: SINGLE (Line Drive, 9S, EV 102.5 MPH)
|
|
Batting: RHB Mike Stellern
|
0-0: Called Strike 0-1: Called Strike 0-2: Fly out, F9 (Flyball, 9D, EV 91.9 MPH)
|
|
Batting: RHB Duffy Ryan
|
0-0: Ball 1-0: Swinging Strike 1-1: Foul Ball, location: 2F 1-2: Foul Ball, location: 2F 1-2: 2-RUN HOME RUN (Flyball, 9D, EV 114.4 MPH), Distance : 364 ft
|
|
Pitching: LHP Kenneth Likewise
|
|
|
Batting: RHB Ray Ortega
|
0-0: Ball 1-0: Called Strike 1-1: Ball 2-1: DOUBLE (Line Drive, 9LS, EV 95.0 MPH)
|
|
Batting: SHB Chris Pittaro
|
0-0: Intentional Walk
|
|
Batting: SHB Keith Smith
|
0-0: Ball 1-0: Fly out, F8 (Flyball, 8RM, EV 98.1 MPH)
|
| Top of the 6th over - 2 runs, 3 hits, 0 errors, 2 left on base; Huron 5 - Watertown 2 |
| BOTTOM OF THE 6TH |
|
Watertown Bucks batting - Pitching for Huron Cubs : LHP Oliver Bell
|
|
Batting: RHB Thomas Dimino
|
0-0: Ball 1-0: Ball 2-0: Foul Ball, location: 2F 2-1: Foul Ball, location: 2F 2-2: Strikes out swinging
|
|
Batting: RHB Robert Tanzi
|
0-0: Ball 1-0: Called Strike 1-1: Swinging Strike 1-2: Ball 2-2: Strikes out swinging
|
|
Batting: RHB Randy Hunt
|
0-0: Foul Ball, location: 2F 0-1: Foul Ball, location: 2F 0-2: Foul Ball, location: 2F 0-2: Ground out 5-3 (Groundball, 56, EV 80.6 MPH)
|
| Bottom of the 6th over - 0 runs, 0 hits, 0 errors, 0 left on base; Huron 5 - Watertown 2 |
| TOP OF THE 7TH |
|
Huron Cubs batting - Pitching for Watertown Bucks : LHP Kenneth Likewise
|
|
Batting: RHB Greg Zunino
|
0-0: Ball 1-0: Ball 2-0: Called Strike 2-1: Ball 3-1: SINGLE (Groundball, 4D, EV 95.0 MPH)
|
|
Batting: RHB Mark Carreon
|
Pickoff Throw to First - Out! 1-3 0-0: Called Strike 0-1: SINGLE (Groundball, 5S, EV 70.6 MPH) (infield hit)
|
|
Batting: RHB John Alvarez
|
0-0: Ball 1-0: Foul Ball, location: 2F 1-1: Foul Ball, location: 2F 1-2: Reached on error, E6 (Groundball, 6, EV 91.9 MPH) Mark Carreon to second
|
|
Batting: LHB Willis Gonzalez
|
0-0: Called Strike 0-1: Swinging Strike 0-2: Foul Ball, location: 2F 0-2: Ball 1-2: Ground out 4-3 (Groundball, 34D, EV 83.1 MPH) Mark Carreon to third John Alvarez to second
|
|
Batting: RHB Mike Stellern
|
0-0: Intentional Walk
|
|
Pitching: RHP Leonardo Ortiz
|
|
|
Batting: RHB Duffy Ryan
|
0-0: Foul Ball, location: 2F 0-1: Fly out, F9 (Line Drive, 9, EV 98.8 MPH)
|
| Top of the 7th over - 0 runs, 2 hits, 1 error, 3 left on base; Huron 5 - Watertown 2 |
| BOTTOM OF THE 7TH |
|
Watertown Bucks batting - Pitching for Huron Cubs : LHP Oliver Bell
|
|
Batting: RHB Richard Plautz
|
0-0: Fly out, F8 (Flyball, 8RM, EV 78.8 MPH)
|
|
Batting: LHB Greg Guin
|
0-0: Ball 1-0: Fly out, F8 (Flyball, 8LXD, EV 105.0 MPH)
|
|
Batting: RHB Eugene Cattane
|
0-0: Called Strike 0-1: Swinging Strike 0-2: Foul Ball, location: 2F 0-2: Ball 1-2: Ball 2-2: Foul Ball, location: 2F 2-2: Strikes out swinging
|
| Bottom of the 7th over - 0 runs, 0 hits, 0 errors, 0 left on base; Huron 5 - Watertown 2 |
| TOP OF THE 8TH |
|
Huron Cubs batting - Pitching for Watertown Bucks : RHP Leonardo Ortiz
|
|
Batting: RHB Ray Ortega
|
0-0: Ball 1-0: Ball 2-0: Ball 3-0: Base on Balls
|
|
Batting: SHB Chris Pittaro
|
0-0: Ball 1-0: Bunted foul 1-1: Ball 2-1: Bunt missed! 2-2: Foul Ball, location: 2F 2-2: Ball Ray Ortega steals 2nd base 3-2: Base on Balls
|
|
Batting: SHB Keith Smith
|
0-0: Bunted foul 0-1: Bunted foul 0-2: Foul Ball, location: 2F 0-2: Fly out, F8 (Flyball, 8LM, EV 79.4 MPH)
|
|
Batting: RHB Greg Zunino
|
0-0: Ball 1-0: Foul Ball, location: 2F 1-1: Ball 2-1: Ball 3-1: Swinging Strike 3-2: Base on Balls Ray Ortega to third Chris Pittaro to second
|
|
Batting: RHB Mark Carreon
|
0-0: Grounds into fielders choice 4-2 (Groundball, 4, EV 93.1 MPH) Chris Pittaro to third Greg Zunino to second
|
|
Batting: RHB John Alvarez
|
0-0: Swinging Strike 0-1: Ball 1-1: Reached on error, E6 (Groundball, 6, EV 82.5 MPH) Chris Pittaro scores Greg Zunino to third Mark Carreon to second
|
|
Batting: LHB Willis Gonzalez
|
0-0: SINGLE (Groundball, 4MD, EV 94.4 MPH) Greg Zunino scores Mark Carreon to third John Alvarez to second Runner from 3rd tries for Home, SAFE, throw by CF to home
|
|
Batting: RHB Mike Stellern
|
0-0: Ball 1-0: Called Strike 1-1: Ball 2-1: SINGLE (Line Drive, 9S, EV 91.9 MPH) John Alvarez to third Willis Gonzalez to second Runner from 3rd tries for Home, SAFE, throw by RF to home
|
|
Batting: RHB Duffy Ryan
|
0-0: Fly out, F7 (Flyball, 7LS, EV 80.6 MPH)
|
| Top of the 8th over - 4 runs, 2 hits, 1 error, 2 left on base; Huron 9 - Watertown 2 |
| BOTTOM OF THE 8TH |
|
Watertown Bucks batting - Pitching for Huron Cubs : LHP Oliver Bell
|
|
Batting: LHB Bryan Neal
|
0-0: Called Strike 0-1: Called Strike 0-2: Ball 1-2: Foul Ball, location: 2F 1-2: Ball 2-2: Ball 3-2: Ground out 4-3 (Groundball, 4, EV 85.6 MPH)
|
|
Batting: SHB Luis Rivera
|
0-0: Foul Ball, location: 2F 0-1: Ball 1-1: Ball 2-1: SINGLE (Groundball, 56, EV 100.6 MPH) (infield hit)
|
|
Batting: LHB Carl Spikes
|
0-0: Fly out, F8 (Flyball, 8RM, EV 93.8 MPH)
|
|
Batting: RHB Thomas Dimino
|
0-0: Ball 1-0: Ball 2-0: Swinging Strike 2-1: SINGLE (Line Drive, 6M, EV 94.4 MPH) Luis Rivera to second
|
|
Batting: RHB Robert Tanzi
|
0-0: Called Strike 0-1: Foul Ball, location: 2F 0-2: Ball 1-2: Fly out, F8 (Flyball, 89M, EV 93.1 MPH)
|
| Bottom of the 8th over - 0 runs, 2 hits, 0 errors, 2 left on base; Huron 9 - Watertown 2 |
| TOP OF THE 9TH |
|
Huron Cubs batting - Pitching for Watertown Bucks : RHP Leonardo Ortiz
|
|
Batting: RHB Ray Ortega
|
0-0: Called Strike 0-1: Called Strike 0-2: Ball 1-2: Strikes out swinging
|
|
Batting: SHB Chris Pittaro
|
0-0: Ball 1-0: Ball 2-0: Foul Ball, location: 2F 2-1: Foul Ball, location: 2F 2-2: Strikes out swinging
|
|
Batting: SHB Keith Smith
|
0-0: Foul Ball, location: 2F 0-1: Swinging Strike 0-2: Strikes out swinging
|
| Top of the 9th over - 0 runs, 0 hits, 0 errors, 0 left on base; Huron 9 - Watertown 2 |
| BOTTOM OF THE 9TH |
|
Watertown Bucks batting - Pitching for Huron Cubs : LHP Oliver Bell
|
|
Batting: RHB Randy Hunt
|
0-0: Ball 1-0: SINGLE (Groundball, 5S, EV 72.5 MPH) (infield hit)
|
|
Batting: RHB Richard Plautz
|
0-0: Called Strike 0-1: Ball 1-1: Ball 2-1: Swinging Strike 2-2: Strikes out swinging
|
|
Batting: LHB Greg Guin
|
0-0: Fly out, F3 (Line Drive, 3, EV 69.4 MPH)
|
|
Batting: RHB Eugene Cattane
|
0-0: Foul Ball, location: 2F 0-1: Foul Ball, location: 2F 0-2: Foul Ball, location: 2F 0-2: Foul Ball, location: 2F 0-2: Fly out, F7 (Flyball, 7LD, EV 101.3 MPH)
|
| Bottom of the 9th over - 0 runs, 1 hit, 0 errors, 1 left on base; Huron 9 - Watertown 2 |
|